 Dungeon Crawl Stone Soup version 0.31-a0-1626-g5cb510d322 (webtiles) character file.

Game seed: 3129024068272197606

39 mopl the Ruffian (level 3, -1/27 HPs)
             Began as a Djinni Shapeshifter on Jan 12, 2024.
             Slain by Sigmund
             ... wielding a +1 scythe of freezing
              (3 damage)
             ... on level 2 of the Dungeon.
             The game lasted 00:01:42 (948 turns).

mopl the Ruffian (Djinni Shapeshifter)               Turns: 948, Time: 00:01:43

Health: -1/27      AC:  2    Str: 15    XL:     3   Next: 70%
Gold:   90         EV: 12    Int: 11    God:
                   SH:  0    Dex: 12

rFire   + + .        g - +4 spear
rCold   x . .        (no shield)
rNeg    . . .        a - +0 animal skin
rPois   ∞            (helmet currently unavailable)
rElec   .            (cloak currently unavailable)
rCorr   .            (gloves currently unavailable)
SInv    .            (boots unavailable)
Will    .....        (no amulet)
Stlth   +            (no ring)
HPRegen 0.24/turn    (no ring)
MPRegen 0.00/turn

%: infuse magic (-2 HP)
@: beast-form, flying
A: beast (slay +1), flying, sickness immunity, fire resistance 2, cold
vulnerability 1, float, innate caster, HP casting, extra vitality 1
a: Begin Untransformation


You were on level 2 of the Dungeon.
You were a hulking beast.
You visited 1 branch of the dungeon, and saw 2 of its levels.

You collected 90 gold pieces.

Inventory:

Hand Weapons
 g - a +4 spear (weapon)
Armour
 a - a +0 animal skin (worn)
Talismans
 c - a beast talisman
 d - a flux talisman
Scrolls
 e - a scroll of teleportation {unknown}
 h - a scroll of vulnerability {unknown}
Potions
 b - 3 potions of lignification {!q}
 f - a potion of curing {unknown}


   Skills:
 + Level 1.6 Fighting
 - Level 2.1 Dodging
 * Level 3.6 Unarmed Combat
 * Level 3.2 Shapeshifting


You knew the following spells:

 Your Spells              Type           Power      Damage    Failure   Level
a - Foxfire               Conj/Fire      0%         2x1d4     34%         1
Your spell library was empty.

Dungeon Overview and Level Annotations

Branches:
Dungeon (2/15)

Altars:

Annotations:
D:2 Sigmund


Innate Abilities, Weirdness & Mutations

You are a hulking beast.
Your limbs bulge with bestial killing power. (Slay +1)
You are flying.
You are immune to sickness and miasma.
You are immune to poison.
Your flesh is very heat resistant. (rF++)
You are vulnerable to cold. (rC-)
You float through the air rather than walking.
You learn spells naturally, not from books.
Your magical power is your life essence.
You have superior vitality. (+4 MHP)


Message History

There is a stone staircase leading down here.
You start resting.
HP restored.
You fly downwards.
Level annotation: Sigmund
There is a stone staircase leading up here.
Sigmund casts a spell at you. The magic dart hits you!
There is a stone staircase leading up here.
Sigmund casts a spell at you. The puff of flame hits you. You resist.
You fly upwards.
There is a stone staircase leading down here.
You start resting.
HP restored.
You fly downwards.
Level annotation: Sigmund
There is a stone staircase leading up here.
Sigmund barely misses you.
You reach to attack!
You hit Sigmund.
Sigmund is moderately wounded.
Sigmund points at you and mumbles some strange words.
You resist with some effort.
You reach to attack!
You hit Sigmund but do no damage.
Sigmund is moderately wounded.
Sigmund hits you from afar with a +1 scythe of freezing.
Sigmund freezes you.
You reach to attack!
You closely miss Sigmund.
Sigmund is moderately wounded.
You reach to attack!
You hit Sigmund.
Sigmund is heavily wounded.
Sigmund hits you from afar with a +1 scythe of freezing!
* * * LOW HITPOINT WARNING * * *
Sigmund freezes you!
* * * LOW HITPOINT WARNING * * *
You are too injured to fight recklessly!
There is a stone staircase leading up here.
Sigmund hits you from afar with a +1 scythe of freezing.
You die...
Sigmund begins carving another notch in his scythe.

..................###
)...................#
.##...........##...##
..................#
###..####.......#..
..###.........# .#
#....@.....#
.......#..###.#
......##h## .#
....###..# # ....
#.## ... #. .. #. ..
#. #.


You could see Sigmund.

Vanquished Creatures
  A dart slug (D:1)
  4 bats
  5 endoplasms
  2 giant cockroaches (D:1)
  6 goblins (D:1)
  3 hobgoblins (D:1)
  3 quokkas (D:1)
  3 ball pythons (D:1)
  2 frilled lizards (D:1)
  2 rats (D:1)
31 creatures vanquished.

Notes
Turn   | Place    | Note
-------+----------+-------------------------------------------
     0 | D:1      | mopl the Djinni Shapeshifter began the quest for the Orb.
     0 | D:1      | Reached XP level 1. HP: 17/17 MP: 0/0
   118 | D:1      | Reached XP level 2. HP: 21/22 MP: 0/0
   218 | D:1      | Reached skill level 3 in Shapeshifting
   239 | D:1      | Reached XP level 3. HP: 17/27 MP: 0/0
   239 | D:1      | Learned a level 1 spell: Foxfire
   662 | D:2      | Noticed Sigmund
   944 | D:2      | HP: 1/27 [Sigmund/+1 scythe of freezing (7)]
   948 | D:2      | Slain by Sigmund

Illustrated notes

Levels and vault maps discovered:
D:1:      giann_horns, layout_rooms, moated_statue, minmay_hedge_maze,
          skrybe_limestone_x
D:2:      layout_rooms, uniq_natasha, uniq_sigmund

Skill      XL: |  1  2 |
---------------+-------+-----
Shapeshifting  | 3 |  3.2
Fighting       | |  1.6
Dodging        | |  2.1
Unarmed Combat | |  3.6

Action                     || total
---------------------------++-------
  Melee: Unarmed           ||    78
         Punch             ||     2
         Spear             ||     7
   Stab: Sleeping          ||     1
 Armour: Animal skin       ||    53
  Dodge: Dodged            ||    43

Table legend: (Time is in decaauts)
 A = Elapsed time spent in this place.
 B = Non-inter-level travel time spent in this place.
 C = Inter-level travel time spent in this place.
 D = Time resting spent in this place.
 E = Time spent auto-exploring this place.
 F = Levels seen in this place.
 G = Mean time per level.
                   A        B        C        D        E       F      G
               +--------+--------+--------+--------+--------+-----+--------+
         Total |    948 |    912 |     36 |    216 |    434 |   2 |  474.0 |
       Dungeon |    948 |    912 |     36 |    216 |    434 |   2 |  474.0 |
               +--------+--------+--------+--------+--------+-----+--------+

Top non-repeatable levels by time:
     D:1: 875 daAuts
     D:2: 73 daAuts
